[Event "ICC Open 2015"]
[Site "Internet Chess Club"]
[Date "2015.05.30"]
[Round "4"]
[White "grancaruso"]
[Black "SJW"]
[Result "1-0"]
[ICCResult "Black forfeits on time"]
[WhiteElo "1821"]
[BlackElo "1435"]
[Opening "Queen's pawn game, Chigorin variation"]
[ECO "A04"]
[NIC "QP.11"]
[Time "19:31:24"]
[TimeControl "180+0"]

1. Nf3 Nc6 2. d4 d5 3. e3 Bg4 4. Be2 Nf6 5. b3 e5 6. dxe5 Bxf3 7. Bxf3 Nxe5
8. O-O Nxf3+ 9. Qxf3 Bd6 10. Bb2 c6 11. Bxf6 Qxf6 12. Qxf6 gxf6 13. Nd2 O-O
14. Nf3 Rfe8 15. Rfd1 Re4 16. c4 Be5 17. Rac1 dxc4 18. bxc4 Bc7 19. Rd7 Rc8
20. g3 Kf8 21. Rcd1 Rxc4 22. Nd4 Ke8 23. Nf5 Re4 24. Rxc7 Rxc7 25. Nd6+ Kf8
26. Nxe4 f5 27. Nc5 Kg7 28. Rd7 Rxd7 29. Nxd7 b5 30. Kf1 f6 31. Ke2 Kf7 32.
Kd3 Ke6 33. Nc5+ Kd5 34. Nd7 Ke6 35. Nc5+ Kd5 36. Nb3 c5 37. Nd2 c4+ 38. Kc3
a5 39. a3 Kc5 40. f3 b4+ 41. axb4+ axb4+ 42. Kc2 c3 43. Nb3+ Kc4 44. Na5+
Kb5 45. Nb7 Kc4 46. Nd6+ Kd5 47. Nxf5 Kc4 48. Nd6+ Kd5 49. Ne4 Kc4 50. Nd6+
Kd5 51. Nb5 Kc4 52. Nd4 h6 53. g4 f5 54. gxf5 Kd5 55. Kb3 Kc5 56. f6 Kd6 57.
Kxb4 Kd7 58. Kxc3 Ke8 59. e4 Kf7 60. e5 Kf8 61. Kd3 Ke8 62. Ke4 Kd8 63. Kf5
Kc8 64. e6 Kb7 65. f7 Kb6 66. f8=Q {Black forfeits on time} 1-0

[Event "ICC Open 2015"]
[Site "Internet Chess Club"]
[Date "2015.05.30"]
[Round "4"]
[White "Vogel"]
[Black "Moritex"]
[Result "1-0"]
[ICCResult "Black forfeits on time"]
[WhiteElo "2184"]
[BlackElo "1765"]
[Opening "KP: Nimzovich defense"]
[ECO "B00"]
[NIC "VO.06"]
[Time "19:32:11"]
[TimeControl "180+0"]

1. e4 Nc6 2. d4 d5 3. e5 Bf5 4. c3 f6 5. Nf3 Qd7 6. Bb5 a6 7. Be2 e6 8. O-O
Be7 9. Bf4 fxe5 10. Nxe5 Nxe5 11. Bxe5 Bf6 12. Bg3 Ne7 13. Nd2 O-O 14. Nf3
Rac8 15. b4 Ng6 16. Re1 c6 17. a4 Rce8 18. Bf1 Bg4 19. h3 Bxf3 20. gxf3 e5
21. dxe5 Bxe5 22. Qd3 Qf5 23. Qxf5 Rxf5 24. Bg2 Ref8 25. Rac1 Nf4 26. Bf1
Bf6 27. Re3 Kf7 28. Rce1 h5 29. h4 Rd8 30. Rd1 d4 31. Re4 g5 32. Bc4+ Kg7
33. hxg5 Bxg5 34. cxd4 Nh3+ 35. Kg2 Nf4+ 36. Kf1 Kg6 37. Bb3 h4 38. Bh2 Nd5
39. Re6+ Kf7 40. Rd6 Rxd6 41. Bxd6 Kg6 42. Bc2 Kf6 43. Bxf5 Kxf5 44. Bh2
Nxb4 45. Rb1 a5 46. Kg2 {Black forfeits on time} 1-0

[Event "ICC Open 2015"]
[Site "Internet Chess Club"]
[Date "2015.05.30"]
[Round "4"]
[White "Cinzento"]
[Black "reydelmambo"]
[Result "1/2-1/2"]
[ICCResult "Game drawn because neither player has mating material"]
[WhiteElo "1815"]
[BlackElo "1952"]
[Opening "Sicilian defense"]
[ECO "B34"]
[NIC "SI.33"]
[Time "19:31:49"]
[TimeControl "180+0"]

1. e4 c5 2. Nf3 Nc6 3. d4 cxd4 4. Nxd4 g6 5. Be3 Bg7 6. Nxc6 bxc6 7. Bd4 e5
8. Bc5 d5 9. exd5 Qxd5 10. Qxd5 cxd5 11. Bb5+ Bd7 12. Nc3 d4 13. Bxd7+ Kxd7
14. Ne4 Rc8 15. b4 f5 16. Nd2 Nf6 17. f3 Nd5 18. Nc4 Nxb4 19. Nxe5+ Bxe5 20.
Bxb4 Rxc2 21. O-O Rhc8 22. Rfe1 Bf4 23. Re7+ Kc6 24. Rxa7 Kb5 25. Be1 d3 26.
Rb1+ Kc6 27. Ra6+ Kd7 28. Rd1 d2 29. Ra7+ Ke8 30. Bxd2 Bxd2 31. Rxh7 Be3+
32. Kh1 Rc1 33. Rd7 Rxd1+ 34. Rxd1 Rc1 35. Rxc1 Bxc1 36. Kg1 Kf7 37. Kf2 Ke6
38. g3 Ke5 39. h4 Bb2 40. Ke3 Bc1+ 41. Ke2 Bh6 42. Kd3 Bf8 43. a4 Bc5 44. a5
Bf2 45. a6 Ba7 46. Ke2 Kd4 47. g4 f4 48. h5 gxh5 49. gxh5 Ke5 50. Kd3 Kf6
51. Ke4 Kg5 52. h6 Kxh6 53. Kxf4 Kg6 54. Ke4 Kf6 55. Kd5 Be3 56. Kc6 Kf5 57.
Kb7 Kf4 58. a7 Bxa7 59. Kxa7 Kxf3
{Game drawn because neither player has mating material}
1/2-1/2

[Event "ICC Open 2015"]
[Site "Internet Chess Club"]
[Date "2015.05.30"]
[Round "4"]
[White "HaraldEskilstu"]
[Black "druskacik"]
[Result "1-0"]
[ICCResult "Black resigns"]
[WhiteElo "2068"]
[BlackElo "2442"]
[Opening "Sicilian: closed, 2...Nc6"]
[ECO "B23"]
[NIC "SI.44"]
[Time "19:32:43"]
[TimeControl "180+0"]

1. e4 c5 2. Nc3 Nc6 3. Bb5 g6 4. f4 Bg7 5. Bxc6 dxc6 6. Nf3 Nf6 7. d3 O-O 8.
O-O b6 9. Ne5 Qc7 10. Qe1 Nd7 11. Nxd7 Qxd7 12. Bd2 Ba6 13. b3 Rad8 14. Rb1
b5 15. e5 c4 16. Ne4 Bc8 17. dxc4 bxc4 18. Ba5 Qd4+ 19. Kh1 Rd5 20. Bc3 Bf5
21. Bxd4 Rxd4 22. Nc5 Bxc2 23. Rc1 cxb3 24. axb3 Bf5 25. Qe3 Rd5 26. h3 h5
27. b4 Rfd8 28. Kh2 Bf8 29. Ra1 e6 30. Rxa7 Rd2 31. Rf2 Rd1 32. Rfa2 Rb1 33.
Ra8 Rdd1 34. Nd7 Rxd7 35. Qc5 Rd8 36. Rxd8 {Black resigns} 1-0

[Event "ICC Open 2015"]
[Site "Internet Chess Club"]
[Date "2015.05.30"]
[Round "4"]
[White "Pikaso"]
[Black "unkavalo"]
[Result "1-0"]
[ICCResult "Black forfeits on time"]
[WhiteElo "2853"]
[BlackElo "2543"]
[Opening "English opening"]
[ECO "A05"]
[NIC "QP.11"]
[Time "19:32:02"]
[TimeControl "180+0"]

1. Nf3 Nf6 2. c4 d6 3. d4 Bg4 4. Nc3 Nbd7 5. g3 e5 6. Bg2 c6 7. O-O Be7 8.
d5 O-O 9. h3 Bh5 10. dxc6 bxc6 11. Nh4 Qc7 12. Nf5 Rfe8 13. Nxe7+ Rxe7 14.
Qa4 Rc8 15. Bg5 h6 16. Bxf6 Nxf6 17. Rfd1 e4 18. Rd4 g5 19. Rad1 Re6 20.
Nxe4 Nxe4 21. Rxe4 Rxe4 22. Bxe4 Bxe2 23. Re1 Bh5 24. Qa3 Re8 25. Bh7+ Kf8
26. Rxe8+ Kxe8 27. Be4 Bg6 28. Bg2 Kf8 29. b4 c5 30. b5 Qe7 31. Qc3 Qe5 32.
Qxe5 dxe5 33. a4 Ke7 34. a5 Kd6 35. b6 a6 36. Bb7 Bf5 37. g4 Be6 38. Bxa6 f5
39. gxf5 Bxf5 40. Bb7 Bd7 41. a6 Bc6 42. Bxc6 Kxc6 43. b7 Kc7 44. Kg2 e4 45.
h4 g4 46. h5 {Black forfeits on time} 1-0

[Event "ICC Open 2015"]
[Site "Internet Chess Club"]
[Date "2015.05.30"]
[Round "4"]
[White "jojowang"]
[Black "Kyekerz"]
[Result "1-0"]
[ICCResult "Black forfeits on time"]
[WhiteElo "1361"]
[BlackElo "1249"]
[Opening "two knights defense: Fegatello attack"]
[ECO "C57"]
[NIC "KP.01"]
[Time "19:32:15"]
[TimeControl "180+0"]

1. e4 e5 2. Nf3 Nc6 3. Bc4 Nf6 4. Ng5 d5 5. exd5 Nxd5 6. Nxf7 Qf6 7. Nxh8
Be6 8. O-O g6 9. d4 Nxd4 10. c3 Nf5 11. Bxd5 Rd8 12. Qa4+ c6 13. Bxe6 Qxe6
14. Qe4 Bg7 15. Bg5 Rd5 16. c4 Rd4 17. Qe3 Qxc4 18. Qc3 Qd5 19. Nd2 Nh4 20.
Qg3 Nf5 21. Qf3 Rxd2 22. Qxd5 cxd5 23. Bxd2 Bxh8 24. Rfe1 Ke7 25. Bb4+ Ke6
26. b3 d4 27. f4 Kd5 28. Rxe5+ Bxe5 29. fxe5 Kxe5 30. Re1+
{Black forfeits on time}
1-0

[Event "ICC Open 2015"]
[Site "Internet Chess Club"]
[Date "2015.05.30"]
[Round "4"]
[White "JOHEL"]
[Black "NachoAverageKid"]
[Result "0-1"]
[ICCResult "White forfeits on time"]
[WhiteElo "1684"]
[BlackElo "2199"]
[Opening "Caro-Kann: anti-anti-Caro-Kann defense"]
[ECO "B10"]
[NIC "CK.01"]
[Time "19:32:07"]
[TimeControl "180+0"]

1. e4 c6 2. c4 d5 3. exd5 cxd5 4. cxd5 Nf6 5. Bb5+ Bd7 6. Bc4 g6 7. Nc3 Bg7
8. Nge2 O-O 9. O-O Bg4 10. f3 Bf5 11. Ng3 Nbd7 12. Nxf5 gxf5 13. d3 Nb6 14.
Qb3 Qd6 15. Be3 Rfd8 16. Bxb6 axb6 17. Rfe1 Nh5 18. Nb5 Qc5+ 19. Kh1 Nf4 20.
Rad1 Qf2 21. Rg1 Qxb2 22. d4 Qf2 23. Rdf1 Qd2 24. Rd1 Qa5 25. d6 e6 26. g3
Nh3 27. Rgf1 Qa4 28. Nc7 Qxb3 29. Bxb3 Ra5 30. Nxe6 fxe6 31. Bxe6+ Kh8 32.
Bxf5 Ng5 33. d7 Rxf5 34. f4 Ne6 35. Rfe1 Nxd4 36. Re8+ Rf8 37. Rde1 Rxd7 38.
Rxf8+ Bxf8 39. Re8 Kg7 40. Rb8 Bc5 41. Kg2 Nf5 42. Kf3 Rd2 43. g4 Nd4+ 44.
Ke4 Rxa2 45. Kd5 Rxh2 46. Rxb7+ Kg6 47. f5+ Nxf5 48. gxf5+ Kxf5 49. Re7 h5
50. Rf7+ Kg6 51. Rf1 h4 52. Rg1+ Kh5 53. Rg8 h3 54. Ke4 Re2+ 55. Kf3 Rf2+
56. Ke4 h2 57. Rh8+ Kg4 58. Rg8+ Kh3 59. Rh8+ Kg2 60. Rg8+ Kf1 61. Rh8 Kg1
62. Rg8+ Rg2 63. Rh8 h1=Q {White forfeits on time} 0-1

[Event "ICC Open 2015"]
[Site "Internet Chess Club"]
[Date "2015.05.30"]
[Round "4"]
[White "Garpun"]
[Black "Glamurius"]
[Result "1-0"]
[ICCResult "Black forfeits on time"]
[WhiteElo "2736"]
[BlackElo "2975"]
[Opening "Queen's pawn: London system"]
[ECO "A45"]
[NIC "QP.07"]
[Time "19:31:31"]
[TimeControl "180+0"]

1. d4 Nf6 2. Bf4 d5 3. e3 c5 4. c3 Qb6 5. Qb3 Nc6 6. Nd2 g6 7. h3 Bg7 8.
Ngf3 O-O 9. Be2 c4 10. Qa3 Qa5 11. Qxa5 Nxa5 12. b3 cxb3 13. axb3 Nc6 14.
O-O Bf5 15. Rfc1 Rfc8 16. g4 Bd7 17. Ne5 Be8 18. c4 Nb4 19. c5 a6 20. f3 Nd7
21. Nxd7 Bxd7 22. Bg3 Bb5 23. Bxb5 axb5 24. f4 e6 25. g5 Nc6 26. Kf1 h6 27.
h4 f6 28. gxf6 Bxf6 29. Ke2 Kf7 30. Kd3 h5 31. Be1 Nb4+ 32. Ke2 Nc6 33. Nf3
Ke7 34. Rcb1 Kf7 35. Bd2 Ke8 36. Bc3 Kf7 37. Kd3 Ra7 38. Rxa7 Nxa7 39. Ra1
Nc6 40. Rg1 Ra8 41. Rg2 Ra3 42. Rb2 b4 43. Bd2 Be7 44. Kc2 Bf6 45. Ne1 Ke8
46. Nf3 Ra1 47. Bc1 Ke7 48. Rb1 Rxb1 49. Kxb1 Kf7 50. Kc2 Bd8 51. Kd3 b6 52.
Bd2 bxc5 53. dxc5 Be7 54. e4 Bxc5 55. Ng5+ Kf6 56. e5+ Kf5 57. Be1 Kxf4 58.
Bd2+ Kf5 59. Nf7 Nxe5+ 60. Ke2 {Black forfeits on time} 1-0

[Event "ICC Open 2015"]
[Site "Internet Chess Club"]
[Date "2015.05.30"]
[Round "4"]
[White "MarzipanCat"]
[Black "CapitalG"]
[Result "0-1"]
[ICCResult "White forfeits on time"]
[WhiteElo "2219"]
[BlackElo "2719"]
[Opening "Sicilian: Scheveningen variation"]
[ECO "B80"]
[NIC "SI.19"]
[Time "19:31:55"]
[TimeControl "180+0"]

1. e4 c5 2. Nf3 d6 3. d4 cxd4 4. Nxd4 Nf6 5. Nc3 e6 6. Be3 a6 7. g4 h6 8. f3
b5 9. Qd2 b4 10. Na4 Nbd7 11. Nc6 Qc7 12. Nxb4 d5 13. exd5 Bxb4 14. Qxb4
Nxd5 15. Qd2 Nxe3 16. Qxe3 Qxc2 17. Nc3 Qxb2 18. Rb1 Qa3 19. Rb3 Qc5 20. Qe4
Ra7 21. Bd3 Nf6 22. Qe2 O-O 23. h4 Rd8 24. g5 hxg5 25. hxg5 Qxg5 26. Qh2 Kf8
27. f4 Qc5 28. Qe2 Rad7 29. Rh8+ Ke7 30. Rxd8 Rxd8 31. f5 Qg1+ 32. Kd2 Qd4
33. Kc2 Bd7 34. Rb7 Rc8 35. Qd2 Nd5 36. Qg5+ Qf6 37. Qxf6+ gxf6 38. fxe6
fxe6 39. Kd2 Nxc3 40. Bxa6 Nd5 41. Rb3 Ra8 42. Bb7 Rxa2+ 43. Ke1 Ra5 44. Rh3
Rc5 45. Rh7+ Kd6 46. Rh3 Bc6 47. Bc8 Nf4 48. Re3 e5 49. Kf2 Bd7 50. Bb7 Rc2+
51. Kg3 f5 52. Bh1 Rc1 53. Bf3 Rg1+ 54. Kf2 Rg6 55. Re1 Ke7 56. Rd1 Kf6 57.
Rxd7 Kg5 58. Rd1 Nh3+ 59. Ke2 Nf4+ 60. Ke3 Kf6 61. Rf1 Rg7 62. Be4 Ne6 63.
Rxf5+ Ke7 64. Rxe5 Kd6 {White forfeits on time} 0-1

[Event "ICC Open 2015"]
[Site "Internet Chess Club"]
[Date "2015.05.30"]
[Round "4"]
[White "saya"]
[Black "Kastor"]
[Result "1-0"]
[ICCResult "Black forfeits on time"]
[WhiteElo "2577"]
[BlackElo "2877"]
[Opening "Nimzo-Indian: Fischer variation"]
[ECO "E43"]
[NIC "NI.12"]
[Time "19:32:00"]
[TimeControl "180+0"]

1. d4 Nf6 2. c4 e6 3. Nc3 Bb4 4. e3 b6 5. Bd3 Bb7 6. Nf3 O-O 7. O-O Bxc3 8.
bxc3 d6 9. Nd2 e5 10. f4 e4 11. Be2 Qe7 12. Rb1 Nc6 13. Kh1 g6 14. Ba3 h5
15. Qc2 Rfe8 16. Rg1 Bc8 17. Qa4 Bd7 18. Qd1 Bg4 19. h3 Bxe2 20. Qxe2 Kg7
21. Rb5 Qd7 22. Rgb1 Ne7 23. Kg1 Nf5 24. Nf1 h4 25. Qe1 c5 26. Rd1 Qe6 27.
Qe2 Rac8 28. Rc1 Rc7 29. d5 Qd7 30. Rcb1 Rh8 31. Bc1 Rcc8 32. a4 Rh5 33. a5
bxa5 34. Rxa5 g5 35. fxg5 Rxg5 36. Rba1 Rc7 37. Qa2 Ne7 38. Kh2 Qf5 39. Qd2
Qe5+ 40. Kg1 Nf5 41. Rxa7 Rxa7 42. Rxa7 Ng3 43. Nh2 Rf5 44. Qe1 Nh7 45. Bd2
Ng5 46. Ra1 Qe7 47. Qd1 Kg6 48. Qg4 Qf6 49. Qxh4 Ne2+ 50. Kh1 Kg7 51. Qg4
Qg6 52. h4 Rf2 53. hxg5 Qh7 54. g6 Qxg6 55. Qxg6+ Kxg6 56. Ng4 Rf5 57. g3
Kg5 58. Kg2 Kxg4 59. Rh1 Nxg3 60. Rh3 Rf3 61. Rh8 Nf5 62. Rg8+
{Black forfeits on time}
1-0

[Event "ICC Open 2015"]
[Site "Internet Chess Club"]
[Date "2015.05.30"]
[Round "4"]
[White "skibum1313"]
[Black "x22"]
[Result "0-1"]
[ICCResult "White checkmated"]
[WhiteElo "1496"]
[BlackElo "2438"]
[Opening "Queen's Pawn"]
[ECO "A41"]
[NIC "QO.17"]
[Time "19:35:25"]
[TimeControl "180+0"]

1. d4 d6 2. Bg5 Nd7 3. Nf3 h6 4. Bh4 g5 5. Bg3 e5 6. dxe5 Bg7 7. c3 dxe5 8.
Nbd2 f5 9. h3 e4 10. Nd4 Bxd4 11. cxd4 f4 12. Bh2 Ngf6 13. e3 fxe3 14. fxe3
O-O 15. Be2 Nd5 16. Qb3 Nf6 17. Be5 Be6 18. O-O Nf4 19. Bxf6 Nxe2+ 20. Kh1
Ng3+ 21. Kg1 Rxf6 22. Qxb7 Nxf1 23. Nxf1 Bd5 24. Qb5 Rb8 25. Qe2 Qf8 26. b3
c6 27. Rc1 Rb7 28. b4 Rbf7 29. b5 Rf2 30. Qh5 Rxf1+ 31. Rxf1 Rxf1+ 32. Kh2
Qd6+ 33. g3 Rf2+ 34. Kg1 Qxg3+ 35. Kh1 Qg2# {White checkmated} 0-1

[Event "ICC Open 2015"]
[Site "Internet Chess Club"]
[Date "2015.05.30"]
[Round "4"]
[White "ncc-1701"]
[Black "gmgattass"]
[Result "1/2-1/2"]
[ICCResult "Game drawn by repetition"]
[WhiteElo "2019"]
[BlackElo "2269"]
[Opening "King's Indian: 5.Nf3"]
[ECO "E90"]
[NIC "KI.21"]
[Time "19:32:13"]
[TimeControl "180+0"]

1. d4 Nf6 2. c4 g6 3. Nc3 Bg7 4. e4 d6 5. Nf3 O-O 6. Bd3 e5 7. dxe5 dxe5 8.
O-O Nc6 9. Bg5 h6 10. Bh4 Bg4 11. h3 Be6 12. b3 Kh7 13. Qe2 Qe8 14. Bxf6
Bxf6 15. Nd5 Bd8 16. Rad1 a5 17. Qe3 a4 18. Be2 axb3 19. axb3 Ra3 20. Ra1
Rxa1 21. Rxa1 f5 22. Ra8 Qd7 23. exf5 Bxd5 24. cxd5 Qxd5 25. Bc4 Qd1+ 26.
Kh2 gxf5 27. Nxe5 Nxe5 28. Qxe5 Qd6 29. f4 Qxe5 30. fxe5 Be7 31. Ra7 Rb8 32.
Kg3 Kg6 33. Kf4 Bg5+ 34. Kf3 c6 35. e6 Be7 36. Ra5 Kf6 37. Bd3 b5 38. g4
fxg4+ 39. hxg4 Kxe6 40. Bf5+ Kd6 41. Ra7 Bg5 42. Rd7+ Kc5 43. Be6 Re8 44.
Bf7 Re3+ 45. Kf2 Kb4 46. Rd4+ Ka5 47. Rd6 Kb6 48. Bd5 Rc3 49. Be4 Kc7 50.
Rg6 c5 51. Rc6+ Kd7 52. Rb6 Rxb3 53. Bc6+ Kc7 54. Rxb5 Ra3 55. Be4 Kd6 56.
Rb8 Ke5 57. Bf5 Ra2+ 58. Kf3 Ra3+ 59. Ke2 Kf4 60. Rc8 Rc3 61. Kd2 Rc4 62.
Kd3 Rc1 63. Kd2 Kg3+ 64. Kd3 Kf4 65. Kd2 Kf3+ 66. Kd3 Kf4 67. Kd2 Ke5+ 68.
Kd3 Kd6 69. Rd8+ Kc7 70. Rc8+ Kb6 71. Rb8+ Ka7 72. Rc8 Bf4 73. Ke4 Bg5 74.
Kd3 Kb6 75. Rb8+ Ka5 76. Rc8 Kb4 77. Rb8+ Ka5 78. Ra8+ Kb6 79. Rb8+
{Game drawn by repetition}
1/2-1/2

[Event "ICC Open 2015"]
[Site "Internet Chess Club"]
[Date "2015.05.30"]
[Round "4"]
[White "Dark-Magician"]
[Black "Acerook"]
[Result "1-0"]
[ICCResult "Black forfeits on time"]
[WhiteElo "2322"]
[BlackElo "1888"]
[Opening "Queen's pawn game"]
[ECO "D02"]
[NIC "QP.08"]
[Time "19:32:09"]
[TimeControl "180+0"]

1. d4 d5 2. Nf3 c6 3. c3 Nf6 4. Nbd2 Bg4 5. Ne5 Bf5 6. h3 Nbd7 7. g4 Bg6 8.
Bg2 e6 9. f4 Nxe5 10. fxe5 Nd7 11. O-O h5 12. e4 hxg4 13. hxg4 Qh4 14. Qf3
Be7 15. exd5 cxd5 16. Rd1 a6 17. Nf1 b5 18. Bf4 Nb6 19. b3 Rc8 20. Rac1 Bg5
21. Bxg5 Qxg5 22. Ne3 Ke7 23. Rf1 Rh4 24. Qf4 Qxf4 25. Rxf4 Rch8 26. Kf2 Rc8
27. Kg3 Rhh8 28. Nd1 Rc7 29. a3 a5 30. Ra1 Rhc8 31. Rf2 Nd7 32. Bf1 Rb8 33.
a4 b4 34. c4 f6 35. cxd5 exd5 36. Bb5 Nf8 37. Ne3 Be4 38. Nf5+ Kf7 39. Nd6+
Ke6 40. Nxe4 dxe4 41. Bc4+ Ke7 42. Re1 Rd8 43. exf6+ gxf6 44. Rxe4+ Kd7 45.
Rxf6 Kc8 46. Ra6 Nd7 47. Be6 Kb8 48. Bxd7 Rdxd7 49. Rxa5 Rc3+ 50. Kf4 Rxb3
51. Rb5+ Ka7 52. g5 Ka6 53. Re6+ Ka7 54. Ke5 Rg3 55. Ra5+ Kb7 56. Rb5+ Ka7
57. g6 Rg5+ 58. Ke4 Rxb5 59. axb5 b3 60. Kd3 Rc7 61. Ra6+ Kb7 62. Ra3 Rg7
63. Rxb3 Rxg6 64. Kc4 Kb6 65. Re3 Rg1 66. Re6+ Kb7 67. Kc5 Rc1+ 68. Kd5 Rh1
69. Re7+ Kb6 70. Re8 Kxb5 71. Rb8+ Ka6 72. Ke6 Rh6+ 73. Kd7 Ka7 74. Rb2 Rh5
75. Kc6 Rh6+ 76. Kc5 Rh5+ 77. d5 Rh6 78. d6 Rh1 79. Kc6 Rc1+ 80. Kd7 Rd1 81.
Ra2+ Kb7 82. Rb2+ Ka7 83. Kc7 Rc1+ 84. Kd8 Rd1 85. d7 Ka6 86. Ra2+ Kb7 87.
Rb2+ Kc6 88. Rc2+ Kb7 89. Ke8 Rh1 90. Kd8 Rh8+ 91. Ke7 Rh7+ 92. Kd6 Rh6+ 93.
Ke5 Rh7 94. Kd5 Rh5+ 95. Ke6 Rh8 96. Ke7 Rh6 97. d8=Q Rh7+ 98. Kd6 Rh6+ 99.
Kd7 Rh7+ 100. Qe7 Rxe7+ 101. Kxe7 Kb6 102. Rd2 Kb5 103. Rd4 Kc5 104. Re4 Kd5
105. Re6 Kd4 106. Rd6+ Ke5 107. Re6+ Kf4 108. Rd6 Kg4 109. Re6 Kf5 110. Rf6+
Ke4 111. Re6+ Kd4 112. Rd6+ {Black forfeits on time} 1-0

[Event "ICC Open 2015"]
[Site "Internet Chess Club"]
[Date "2015.05.30"]
[Round "4"]
[White "AntiKiller"]
[Black "LastKeks"]
[Result "0-1"]
[ICCResult "White resigns"]
[WhiteElo "2820"]
[BlackElo "3124"]
[Opening "Queen's pawn: London system"]
[ECO "A45"]
[NIC "QP.07"]
[Time "19:34:13"]
[TimeControl "180+0"]

1. d4 Nf6 2. Bf4 g6 3. e3 Bg7 4. Nf3 O-O 5. h3 d6 6. c3 Nc6 7. Be2 Nd7 8.
Bh2 e5 9. dxe5 Ndxe5 10. Nxe5 dxe5 11. Qxd8 Rxd8 12. Nd2 Be6 13. Nc4 f6 14.
Rd1 Bf8 15. a3 a6 16. e4 b5 17. Ne3 Bc5 18. Rd2 Bxe3 19. fxe3 Na5 20. Bg3
Bc4 21. Bd1 Bd3 22. b3 Bxe4 23. Rg1 Bd5 24. Rb2 Be6 25. Bc2 Rd6 26. Rf1 Kg7
27. Bh4 g5 28. Bg3 Rad8 29. h4 h6 30. Rf2 c5 31. Re2 Bg4 32. Rf2 Rd1+
{White resigns}
0-1

[Event "ICC Open 2015"]
[Site "Internet Chess Club"]
[Date "2015.05.30"]
[Round "4"]
[White "ghorok"]
[Black "jonesey"]
[Result "1-0"]
[ICCResult "Black resigns"]
[WhiteElo "1735"]
[BlackElo "1906"]
[Opening "English: symmetrical, Benoni formation"]
[ECO "A31"]
[NIC "EO.46"]
[Time "19:33:54"]
[TimeControl "180+0"]

1. d4 Nf6 2. c4 c5 3. Nf3 cxd4 4. Nxd4 e5 5. Nf3 e4 6. Nd4 d5 7. e3 Be7 8.
Nc3 dxc4 9. Bxc4 O-O 10. O-O Qc7 11. b3 a6 12. Bb2 Nc6 13. Rc1 Rd8 14. Qc2
Nb4 15. Qb1 Bf5 16. Nce2 Qe5 17. Nxf5 Qxf5 18. Nd4 Qh5 19. Be2 Qh4 20. Nf5
Qg5 21. Nxe7+ Kf8 22. Ba3 a5 23. Bxb4 axb4 24. Rc7 Nd7 25. Qxe4 Qxe7 26.
Qxe7+ Kxe7 27. Rd1 Rac8 28. Rxb7 Kf6 29. Rbxd7 {Black resigns} 1-0

[Event "ICC Open 2015"]
[Site "Internet Chess Club"]
[Date "2015.05.30"]
[Round "4"]
[White "boobytrap"]
[Black "harolika"]
[Result "0-1"]
[ICCResult "White forfeits on time"]
[WhiteElo "1941"]
[BlackElo "1802"]
[Opening "Sicilian: Labourdonnais-Löwenthal (Kalashnikov) variation"]
[ECO "B32"]
[NIC "SI.32"]
[Time "19:32:01"]
[TimeControl "180+0"]

1. e4 c5 2. Nf3 Nc6 3. d4 cxd4 4. Nxd4 e5 5. Nb5 d6 6. c4 Be6 7. N1c3 a6 8.
Na3 Be7 9. Be2 Bg5 10. O-O Bxc1 11. Rxc1 Nd4 12. Nd5 Nf6 13. Re1 Nxe4 14.
Bg4 Nf6 15. Bxe6 fxe6 16. Nxf6+ Qxf6 17. Qa4+ Kf8 18. c5 d5 19. Qa5 Rc8 20.
b4 g6 21. b5 axb5 22. Nxb5 Kg7 23. Nxd4 exd4 24. Qb6 Rhe8 25. Qxb7+ Kh8 26.
c6 d3 27. Red1 Rf8 28. Rd2 e5 29. c7 d4 30. Qe4 Rf7 31. h3 Rfxc7 32. Rxc7
Rxc7 33. Rxd3 Rc1+ 34. Kh2 Rc2 35. Rb3 Rxf2 36. Rb8+ Kg7 37. Rb7+ Kh6 38.
Rb8 Rxa2 39. Qg4 Qf4+ 40. Qxf4+ exf4 41. Rd8 Rd2 42. Kg1 Kg5 43. Kf1 Kf5 44.
Rd7 h5 45. Rd8 Ke4 46. Re8+ Kd3 {White forfeits on time} 0-1

[Event "ICC Open 2015"]
[Site "Internet Chess Club"]
[Date "2015.05.30"]
[Round "4"]
[White "paulleon"]
[Black "fito"]
[Result "1-0"]
[ICCResult "Black forfeits on time"]
[WhiteElo "2092"]
[BlackElo "2351"]
[Opening "QGD Slav: 4.Nc3"]
[ECO "D15"]
[NIC "SL.03"]
[Time "19:34:37"]
[TimeControl "180+0"]

1. d4 d5 2. c4 c6 3. Nf3 Nf6 4. Nc3 a6 5. Bg5 Ne4 6. e3 Nxg5 7. Nxg5 e5 8.
Nf3 e4 9. Nd2 Be6 10. Qb3 Qd7 11. cxd5 cxd5 12. Be2 Nc6 13. Na4 Rb8 14. O-O
Bb4 15. Rfd1 O-O 16. Rac1 Bd6 17. Nc5 Qe7 18. Qa4 Nd8 19. f3 exf3 20. Bxf3
Qh4 21. g3 Bxg3 22. hxg3 Qxg3+ 23. Kf1 Bh3+ 24. Ke2 Qh2+ 25. Kd3 b5 26. Qxa6
b4 27. Kc2 Bf5+ 28. e4 dxe4 29. Bxe4 Ne6 30. Bxf5 Nxd4+ 31. Kb1 Nxf5 32. Nd7
Ra8 33. Qd3 Ng3 34. Nxf8 Rxf8 35. Rc7 Qh4 36. Nf3 Qf4 37. Rc4 Qb8 38. Rh4 g6
39. Rg4 Nf5 40. Qxf5 Rd8 41. Rxd8+ Qxd8 42. Qc2 h5 43. Rd4 Qe7 44. Qc8+ Kg7
45. Qc2 Qe2 46. Qxe2 {Black forfeits on time} 1-0

[Event "ICC Open 2015"]
[Site "Internet Chess Club"]
[Date "2015.05.30"]
[Round "5"]
[White "Mastercito"]
[Black "Andiamo"]
[Result "1-0"]
[ICCResult "Black resigns"]
[WhiteElo "2009"]
[BlackElo "1448"]
[Opening "Queen's bishop game"]
[ECO "D02"]
[NIC "QP.08"]
[Time "19:41:48"]
[TimeControl "180+0"]

1. d4 d5 2. Nf3 Nf6 3. Bf4 Bf5 4. e3 e6 5. c4 c5 6. Nc3 Nc6 7. Bg5 cxd4 8.
Nxd4 Be7 9. Nxf5 exf5 10. cxd5 Ne5 11. Bb5+ Ned7 12. d6 {Black resigns} 1-0

[Event "ICC Open 2015"]
[Site "Internet Chess Club"]
[Date "2015.05.30"]
[Round "5"]
[White "EddieBarber"]
[Black "graccus"]
[Result "1-0"]
[ICCResult "Black resigns"]
[WhiteElo "1844"]
[BlackElo "1350"]
[Opening "Sicilian: Sozin, Leonhardt variation"]
[ECO "B88"]
[NIC "SI.26"]
[Time "19:42:47"]
[TimeControl "180+0"]

1. e4 c5 2. Nf3 d6 3. d4 cxd4 4. Nxd4 Nf6 5. Nc3 Nc6 6. Bc4 e6 7. O-O Be7 8.
Be3 O-O 9. f4 a6 10. Bb3 Nxd4 11. Bxd4 b5 12. e5 d5 13. exf6 {Black resigns}
1-0

[Event "ICC Open 2015"]
[Site "Internet Chess Club"]
[Date "2015.05.30"]
[Round "5"]
[White "pagoda"]
[Black "Huemul"]
[Result "1-0"]
[ICCResult "Black resigns"]
[WhiteElo "1952"]
[BlackElo "1324"]
[Opening "Vienna game"]
[ECO "C26"]
[NIC "VG.02"]
[Time "19:41:46"]
[TimeControl "180+0"]

1. Nc3 e5 2. e4 Nf6 3. Bc4 Be7 4. d3 O-O 5. Nf3 c6 6. Bb3 d6 7. O-O Bg4 8.
h3 Bh5 9. Bd2 Nbd7 10. g4 Bg6 11. Nh4 Nc5 12. Nxg6 hxg6 13. f4 Qc7 14. f5
gxf5 15. gxf5 Qb6 16. Kh2 Nxb3 17. axb3 Qd4 18. Rf3 d5 19. Be3 Qb4 20. Ra4
Qxa4 21. Nxa4 d4 {Black resigns} 1-0

[Event "ICC Open 2015"]
[Site "Internet Chess Club"]
[Date "2015.05.30"]
[Round "5"]
[White "JCarllsen"]
[Black "chessdjw"]
[Result "0-1"]
[ICCResult "White resigns"]
[WhiteElo "1916"]
[BlackElo "2330"]
[Opening "Giuoco Piano"]
[ECO "C54"]
[NIC "IG.02"]
[Time "19:41:28"]
[TimeControl "180+0"]

1. e4 e5 2. Nf3 Nc6 3. Bc4 Bc5 4. c3 Nf6 5. d3 a6 6. Bb3 Ba7 7. Nbd2 O-O 8.
O-O h6 9. h3 d6 10. Re1 Ne7 11. Nf1 Ng6 12. d4 Re8 13. Ng3 Be6 14. Be3 c6
15. Qd2 Bxb3 16. axb3 Qc7 17. dxe5 Bxe3 18. Qxe3 Nxe5 19. Nxe5 Rxe5 20. Qd3
Rae8 21. Red1 Nxe4 22. Nxe4 Rxe4 23. Qxd6 Re1+ 24. Kh2 Qxd6+ {White resigns}
0-1

[Event "ICC Open 2015"]
[Site "Internet Chess Club"]
[Date "2015.05.30"]
[Round "5"]
[White "pranav-nsk"]
[Black "skibum1313"]
[Result "1-0"]
[ICCResult "Black checkmated"]
[WhiteElo "1365"]
[BlackElo "1473"]
[Opening "Old Indian: Tartakower (Wade) variation"]
[ECO "A41"]
[NIC "QO.17"]
[Time "19:42:44"]
[TimeControl "180+0"]

1. d4 d6 2. Nf3 Bg4 3. Bg5 Bxf3 4. exf3 h6 5. Bf4 e6 6. Nd2 c6 7. Bd3 Be7 8.
c3 Nf6 9. O-O Nbd7 10. Ne4 e5 11. dxe5 dxe5 12. Nxf6+ Bxf6 13. Bg3 O-O 14.
Bc2 Qb6 15. Qxd7 Qxb2 16. Qf5 g6 17. Qxf6 Qxc2 18. Bxe5 Rfe8 19. Qg7#
{Black checkmated}
1-0